 Dungeon Crawl Stone Soup version 0.26.1-2-gb8aa6d0cf2 (webtiles) character file.

Game seed: 14593171189365035895

122 Gadfly the Cudgeller (level 5, -8/33 HPs)
             Began as a Gargoyle Berserker on Feb 26, 2021.
             Was a Believer of Trog.
             Mangled by an ice beast (11 damage)
             ... on level 6 of the Dungeon.
             The game lasted 00:03:25 (2272 turns).

Gadfly the Cudgeller (Gargoyle Berserker)           Turns: 2272, Time: 00:03:25

Health: -8/33      AC: 15    Str: 21    XL:     5   Next: 6%
Magic:  5/5        EV:  8    Int:  7    God:    Trog [**....]
Gold:   109        SH:  0    Dex: 10    Spells: 4/4 levels left

rFire    . . .     SeeInvis .   a - +0 mace
rCold    . . .     Faith    .   (no shield)
rNeg     + . .     Spirit   .   e - +0 chain mail
rPois    ∞         Reflect  .   (no helmet)
rElec    +         Harm     .   (no cloak)
rCorr    .         Rampage  .   i - +1 pair of gloves
Will     .....                  (no boots)
Stlth    ..........             c - amulet of the acrobat
HPRegen  0.11/turn              (no ring)
MPRegen  0.09/turn              (no ring)

@: no status effects
A: negative energy resistance 1, electricity resistance, unbreathing,
petrification resistance, miasma immunity, AC +4
a: Renounce Religion, Berserk, Trog's Hand


You were on level 6 of the Dungeon.
You worshipped Trog.
Trog was pleased with you.
You visited 1 branch of the dungeon, and saw 4 of its levels.

You collected 109 gold pieces.

Inventory:

Hand Weapons
 a - a +0 mace (weapon)
 b - a +1 dagger of draining
Armour
 e - a +0 chain mail (worn)
 i - a +1 pair of gloves (worn)
Jewellery
 c - an amulet of the acrobat (around neck)
Scrolls
 j - a scroll of teleportation {unknown}
Potions
 d - a potion of lignification
 f - 2 potions of curing
 g - a potion of attraction
 h - a potion of heal wounds {unknown}


   Skills:
 + Level 3.6 Fighting
 * Level 3.9 Maces & Flails
 + Level 2.7 Armour
 - Level 1.5 Dodging
 * Level 2.2 Shields
 * Level 1.8 Evocations


You had 4 spell levels left.
You didn't know any spells.
Your spell library was empty.

Dungeon Overview and Level Annotations

Branches:
Dungeon (3/15)

Altars:


Innate Abilities, Weirdness & Mutations

You are resistant to torment.
Your stone body is resilient. (AC +4)
You are immune to poison.
You resist negative energy. (rN+)
You are resistant to electric shocks. (rElec)
You can survive without breathing.
You are immune to petrification.
You are immune to miasma.


Message History

The ice beast hits you but does no damage.
You hit the ice beast but do no damage.
The ice beast is almost dead.
The ice beast hits you. The ice beast freezes you!
* * * LOW HITPOINT WARNING * * *
The ice beast hits you but does no damage.
You are too injured to fight recklessly!
You are too injured to fight recklessly!
You are too injured to fight recklessly!
You are too injured to fight recklessly!
You are too injured to fight recklessly!
You are too injured to fight recklessly!
You are too injured to fight recklessly!
Unknown command.
You hit the ice beast but do no damage.
The ice beast is almost dead.
The ice beast hits you.
* * * LOW HITPOINT WARNING * * *
The ice beast freezes you!
You die...

#. #.# #.# #.# .
#.#
..#####.#####.#
..........@Y..#
.........##...#
......†...+.......
.........##.......
#........# .......
#........# .......
#........# .......
#........# ##.....
##########


You could see an ice beast.

Vanquished Creatures
  A bullfrog skeleton (D:3)
  4 adders
  An ooze (D:1)
  A worm (D:2)
  2 leopard geckos (D:2)
  A giant cockroach (D:1)
  8 hobgoblins
  6 kobolds
  4 bats
  5 frilled lizards
  10 goblins
  3 rats
46 creatures vanquished.

Notes
Turn   | Place    | Note
-------+----------+-------------------------------------------
     0 | D:1      | Gadfly the Gargoyle Berserker began the quest for the Orb.
     0 | D:1      | Reached XP level 1. HP: 14/14 MP: 1/1
     2 | D:1      | Noticed a halfling
     2 | D:1      | Noticed a vine stalker
     4 | D:1      | Noticed a ghoul
     4 | D:1      | Noticed an elf
     6 | D:1      | Noticed a centaur
     8 | D:1      | Noticed an ogre
     8 | D:1      | Noticed a felid
    10 | D:1      | Noticed a human
    12 | D:1      | Noticed a formicid
    12 | D:1      | Noticed a naga
    14 | D:1      | Noticed a vampire
    14 | D:1      | Noticed an octopode
    16 | D:1      | Noticed a draconian
    18 | D:1      | Noticed a troll
    18 | D:1      | Noticed a gargoyle
    20 | D:1      | Noticed a spriggan
    20 | D:1      | Noticed a minotaur
    22 | D:1      | Noticed a merfolk
    24 | D:1      | Noticed a dwarf
    24 | D:1      | Noticed a tengu
    26 | D:1      | Noticed a demigod
    26 | D:1      | Noticed a demonspawn
   328 | D:1      | You fall into a shaft and drop 1 floor!
   345 | D:1      | Reached XP level 2. HP: 19/19 MP: 2/2
   361 | D:1      | Reached skill level 1 in Shields
   537 | D:1      | Reached skill level 1 in Evocations
   721 | D:1      | Reached XP level 3. HP: 15/23 MP: 3/3
  1504 | D:2      | Reached XP level 4. HP: 19/28 MP: 4/4
  1660 | D:2      | Reached ** piety under Trog
  2244 | D:3      | You fall into a shaft and drop 3 floors!
  2254 | D:6      | Reached XP level 5. HP: 32/33 MP: 5/5
  2259 | D:6      | Noticed an ice beast
  2272 | D:6      | Mangled by an ice beast

Illustrated notes

Levels and vault maps discovered:
D:1:      kb_arrival_jail, layout_rooms
D:2:      layout_basic, fountainhead
D:3:      layout_basic, lemuel_coloured_pillars_altar, serial_co_window_serial,
          co_window_paths_a, co_window_paths_a, co_window_paths_a,
          co_window_paths_b, co_window_paths_a, co_window_paths_b,
          co_window_broadway_b, co_window_2corner, co_window_corner_cb,
          co_window_cross_3, co_window_corner_b, co_window_broadway_b,
          co_window_paths_d, co_window_4corner_b, glass_columns_b,
          ebering_ghost_disaster_area, uniq_jessica
D:6:      layout_basic, makhleb_heckhound_becter

Skill      XL: |  1  2  3  4 |
---------------+-------------+-----
Shields        | 1 2 |  2.2
Evocations     | 1 |  1.8
Fighting       | |  3.6
Maces & Flails | |  3.9
Armour         | |  2.7
Dodging        | |  1.5

Action                   |  1- 3 |  4- 6 || total
-------------------------+-------+-------++-------
Melee: Mace              |   130 |    62 ||   192
  Use: Scroll            |     1 |     5 ||     6
       Potion            |       |     1 ||     1
Armor: Animal skin       |    69 |     3 ||    72
       Leather armour    |       |    12 ||    12
       Chain mail        |       |    12 ||    12
Dodge: Dodged            |   107 |    31 ||   138
